Kradschützen Motorcycle Team
Construct Light Support Kompanie
Construct Mechanized Kompanie
Panzerjäger Mechanized Group
254 Reconnaissance Tractor
Panzerjäger Mechanized Group
Selects Armored Support Battlegroup
Selects Stuka Anti-tank Loiter
Selects Superior Fire Drills
Selects Flammpanzer III Medium Tank
Marder III Tank Destroyer
Marder III Tank Destroyer
Selects Command Panzer IV F Medium Tank
Marder III Tank Destroyer
Marder III Tank Destroyer